[Event "Titled Tuesday Blitz November 01 Late 2022"]
[White "Silva, Caio Henrique Angelico"]
[Black "Kodinets, Konstantin L."]
[WhiteFideId "22777210"]
[BlackFideId "4122011"]
[WhiteElo "1990"]
[BlackElo "2447"]
[Result "0-1"]
[Round "03"]
[TimeControl "180+1"]
[Date "2022.11.02"]
[WhiteClock "0:00:07"]
[BlackClock "0:00:05"]

1. Nf3 d6 2. d4 Nf6 3. g3 Nbd7 4. Bg2 c6 5. O-O e5 6. c4 Be7 7. Nc3 O-O 8. e4 a6 9. dxe5 dxe5 10. Bg5 Qc7 11. Rc1 Rd8 12. Qe2 a5 13. Rfd1 h6 14. Bxf6 Bxf6 15. h4 Nc5 16. Qe3 Rxd1+ 17. Rxd1 Qb6 18. b3 Be6 19. Ne1 Qa7 20. Nd3 Nxd3 21. Qxa7 Rxa7 22. Rxd3 a4 23. Nxa4 Bxc4 24. Rd7 Be6 25. Rd2 Be7 26. Kh2 b5 27. Nc3 Bb4 28. Rc2 Bxc3 29. Rxc3 Rxa2 30. Rxc6 Rxf2 31. Rb6 Bd7 32. Rd6 Be8 33. Rd5 f6 34. Rd3 Kf8 35. Kg1 Rb2 36. Bf1 Bf7 37. Rd8+ Ke7 38. Rb8 Rxb3 39. Rb7+ Kf8 40. Rb8+ Be8 41. Kf2 h5 42. Be2 g6 43. g4 hxg4 44. Bxg4 Ke7 45. Rb7+ Kd6 46. Rb6+ Bc6 47. Rb8 Bxe4 48. Rb6+ Bc6 49. Rb8 f5 50. Bd1 Rb2+ 51. Be2 Kc5 52. Rg8 Bd5 53. Rc8+ Kd4 54. Rd8 b4 55. Ke1 Rxe2+ 56. Kxe2 b3 57. Kd2 f4 58. Rd6 f3 59. Rxg6 b2 60. Kc2 Be4+ 61. Kxb2 Bxg6 0-1


[Site "https://www.chess.com"]

[Event "Titled Tuesday Blitz November 01 Late 2022"]
[White "Silvestre, Christian"]
[Black "Soto Vega, Jorge"]
[WhiteFideId "30956269"]
[BlackFideId "3800580"]
[WhiteElo "2341"]
[BlackElo "2263"]
[Result "1-0"]
[Round "03"]
[TimeControl "180+1"]
[Date "2022.11.02"]
[WhiteClock "0:02:17"]
[BlackClock "0:02:18"]

1. Nf3 d5 2. e4 dxe4 3. Ng5 Qd5 4. d3 exd3 5. Bxd3 Nf6 6. O-O e6 7. Nc3 Qd8 8. Re1 Be7 9. Qf3 Nc6 10. Bf4 Nd4 11. Qd1 c5 12. Nce4 O-O 13. Nxf6+ Bxf6 14. Bxh7+ Kh8 15. Qh5 1-0


[Site "https://www.chess.com"]

[Event "Titled Tuesday Blitz November 01 Late 2022"]
[White "Sokolovsky, Yahli"]
[Black "Kamsky, Gata"]
[WhiteFideId "2820242"]
[BlackFideId "2000024"]
[WhiteElo "2316"]
[BlackElo "2666"]
[Result "1-0"]
[Round "03"]
[TimeControl "180+1"]
[Date "2022.11.02"]
[WhiteClock "0:00:09"]
[BlackClock "0:00:14"]

1. b3 d5 2. e3 Bf5 3. Bb2 e6 4. d4 Nf6 5. Bd3 Bg6 6. Ne2 Bd6 7. Nf4 Nbd7 8. O-O c6 9. Ba3 Bxa3 10. Nxa3 e5 11. dxe5 Nxe5 12. Bxg6 hxg6 13. Qd4 Qe7 14. Nb1 g5 15. Nd3 Nxd3 16. cxd3 Rh4 17. Qc3 O-O-O 18. Nd2 g4 19. Rfc1 d4 20. exd4 Nd5 21. Qc5 Qxc5 22. dxc5 Nf4 23. Rc4 Nxd3 24. Nf3 Rh5 25. Rxg4 g6 26. b4 a5 27. a3 a4 28. h4 Rhd5 29. Ng5 f5 30. Rg3 Ne5 31. Ne6 Rd1+ 32. Rxd1 Rxd1+ 33. Kh2 Ng4+ 34. Rxg4 fxg4 35. Nf4 Ra1 36. Nxg6 Rxa3 37. h5 Rd3 38. Ne7+ Kc7 39. h6 a3 40. h7 Rd8 41. Ng8 a2 42. h8=Q Rd1 43. Qe5+ Kc8 44. Qe6+ Kc7 45. Qxa2 1-0


[Site "https://www.chess.com"]

[Event "Titled Tuesday Blitz November 01 Late 2022"]
[White "Storey, Charles H"]
[Black "Mladenovic, Stefan"]
[WhiteFideId "406686"]
[BlackFideId "942227"]
[WhiteElo "2252"]
[BlackElo "2337"]
[Result "1-0"]
[Round "03"]
[TimeControl "180+1"]
[Date "2022.11.02"]
[WhiteClock "0:01:11"]
[BlackClock "0:01:52"]

1. c4 e5 2. g3 Nc6 3. Bg2 Bc5 4. e3 a6 5. Ne2 d6 6. d4 Ba7 7. h3 h5 8. Nbc3 Nf6 9. d5 Ne7 10. b4 Bd7 11. Ba3 Qc8 12. c5 a5 13. cxd6 cxd6 14. Rc1 Qd8 15. b5 Bf5 16. e4 Bg6 17. Qb3 Qb6 18. O-O h4 19. Na4 Qd8 20. b6 Bb8 21. Nec3 hxg3 22. fxg3 Nh5 23. Nb5 Ng8 24. Rc7 Bxc7 25. bxc7 Qg5 26. Nxd6+ Kf8 27. Nxf7+ Qe7 28. Nxh8+ 1-0


[Site "https://www.chess.com"]

[Event "Titled Tuesday Blitz November 01 Late 2022"]
[White "Svane, Rasmus"]
[Black "Abdyzhapar, Asylbek"]
[WhiteFideId "4657101"]
[BlackFideId "13800337"]
[WhiteElo "2674"]
[BlackElo "2323"]
[Result "1-0"]
[Round "03"]
[TimeControl "180+1"]
[Date "2022.11.01"]
[WhiteClock "0:01:33"]
[BlackClock "0:01:27"]

1. Nf3 Nf6 2. g3 g6 3. Bg2 Bg7 4. O-O O-O 5. d4 d6 6. Re1 Nbd7 7. e4 e5 8. Nc3 c6 9. a4 a5 10. Be3 exd4 11. Bxd4 Re8 12. Nd2 Qc7 13. Nc4 Ne5 14. Bb6 Qe7 15. Nxd6 Rf8 16. Bc5 Nfd7 17. Ba3 c5 18. f4 Nc6 19. e5 Nb4 20. Bxb4 axb4 21. Nd5 Qd8 22. Nxf7 Rxf7 23. e6 Bd4+ 24. Kh1 Rg7 25. e7 Rxe7 26. Rxe7 Nf8 27. c3 bxc3 28. bxc3 Bg7 29. Nf6+ 1-0


[Site "https://www.chess.com"]

[Event "Titled Tuesday Blitz November 01 Late 2022"]
[White "Szpar, Milosz"]
[Black "Petrovic, Aleksa"]
[WhiteFideId "1184989"]
[BlackFideId "967629"]
[WhiteElo "2422"]
[BlackElo "2242"]
[Result "1-0"]
[Round "03"]
[TimeControl "180+1"]
[Date "2022.11.02"]
[WhiteClock "0:01:12"]
[BlackClock "0:00:02"]

1. d4 e6 2. e4 d5 3. Nc3 Bb4 4. Ne2 dxe4 5. a3 Be7 6. Nxe4 Nc6 7. g3 Nf6 8. Bg2 O-O 9. O-O Qd7 10. c3 b6 11. Nf4 Bb7 12. Re1 Rad8 13. Qc2 h6 14. b4 Qc8 15. Bb2 e5 16. Nxf6+ Bxf6 17. Nh5 Bg5 18. h4 Qg4 19. hxg5 Qxh5 20. gxh6 Rd6 21. hxg7 Kxg7 22. b5 Rh8 23. bxc6 Bxc6 24. Re4 Bxe4 25. Qxe4 exd4 26. cxd4 Qg6 27. d5+ f6 28. Qxg6+ Kxg6 29. Rc1 Rc8 30. g4 Kg5 31. Rc4 f5 32. Bc1+ Kf6 33. gxf5 Rg8 34. Kf1 Kxf5 35. Rxc7 Rdg6 36. Bh3+ Ke5 37. Be6 Rg1+ 38. Ke2 Re8 39. Bb2+ Kd6 40. Rxa7 Rb1 41. Rd7+ Kc5 42. Rc7+ Kd6 43. Rc6+ Ke7 44. Be5 Ra8 45. Rc7+ Kd8 46. Rd7+ Ke8 47. Bd6 Rb2+ 48. Kf1 Rb1+ 49. Kg2 Rb3 50. Rh7 1-0


[Site "https://www.chess.com"]

[Event "Titled Tuesday Blitz November 01 Late 2022"]
[White "Taboas Rodriguez, Daniel"]
[Black "Dubov, Daniil"]
[WhiteFideId "2208466"]
[BlackFideId "24126055"]
[WhiteElo "2429"]
[BlackElo "2791"]
[Result "0-1"]
[Round "03"]
[TimeControl "180+1"]
[Date "2022.11.02"]
[WhiteClock "0:00:01"]
[BlackClock "0:01:32"]

1. d4 g6 2. Nf3 d6 3. c4 Nf6 4. Nc3 Bg7 5. e4 O-O 6. Be2 Nc6 7. d5 Nb4 8. O-O Re8 9. Be3 e6 10. Nd4 exd5 11. exd5 Rxe3 12. fxe3 Qe7 13. Qd2 Na6 14. Bf3 Nc5 15. Rae1 a5 16. Kh1 Bd7 17. Ndb5 Bxb5 18. Nxb5 a4 19. Nd4 Re8 20. b4 axb3 21. axb3 Ncd7 22. Qc2 h5 23. Nb5 Ne5 24. Be2 h4 25. Bf3 Nh7 26. Nd4 Ng5 27. Rd1 Nd7 28. Rfe1 h3 29. Qf2 Ne5 30. Qg3 hxg2+ 31. Bxg2 Nh7 32. Rg1 Nf6 33. Bf3 Ned7 34. Nf5 Qf8 35. Nxg7 Kxg7 36. Bg4 Ne4 37. Qg2 Ndf6 38. Rdf1 Re5 39. Bf3 Nc5 40. Bd1 Qe7 41. Qf3 Rxe3 42. Qf4 Nd3 43. Qh4 Qe5 44. Rg2 Re4 45. Qg3 Re3 46. Qxe5 Nxe5 47. Ra2 c5 48. Ra7 b6 49. Ra2 Ne4 50. Re2 Ng4 0-1


[Site "https://www.chess.com"]

[Event "Titled Tuesday Blitz November 01 Late 2022"]
[White "Ter-Sahakyan, Samvel"]
[Black "Shipov, Sergei"]
[WhiteFideId "13302531"]
[BlackFideId "4113624"]
[WhiteElo "2604"]
[BlackElo "2760"]
[Result "0-1"]
[Round "03"]
[TimeControl "180+1"]
[Date "2022.11.01"]
[WhiteClock "0:00:13"]
[BlackClock "0:00:48"]

1. e4 e6 2. d4 d5 3. exd5 exd5 4. Nf3 Bd6 5. Bd3 Ne7 6. O-O O-O 7. Re1 Nbc6 8. c3 Bf5 9. h3 Qd7 10. Bxf5 Nxf5 11. Nbd2 Rfe8 12. Nf1 Rxe1 13. Qxe1 Re8 14. Qd1 a6 15. Qd3 h6 16. Bd2 Re4 17. b3 Qe6 18. Re1 b5 19. Qb1 a5 20. Be3 b4 21. N1d2 bxc3 22. Nxe4 dxe4 23. Bc1 Nb4 24. Qxe4 Qxe4 25. Rxe4 Nxa2 26. Re1 c2 27. g4 Ne7 28. Bb2 Bb4 29. Ra1 Bc3 0-1


[Site "https://www.chess.com"]

[Event "Titled Tuesday Blitz November 01 Late 2022"]
[White "Thomforde-Toates, Noah"]
[Black "Urbina Perez, Juan Antonio"]
[WhiteFideId "30951992"]
[BlackFideId "2217368"]
[WhiteElo "2624"]
[BlackElo "2197"]
[Result "0-1"]
[Round "03"]
[TimeControl "180+1"]
[Date "2022.11.02"]
[WhiteClock "0:00:17"]
[BlackClock "0:00:55"]

1. d4 d5 2. Nc3 Nf6 3. Bf4 Bf5 4. f3 e6 5. g4 Bg6 6. h4 h5 7. g5 Nfd7 8. e3 Bd6 9. Nh3 Bf5 10. Bxd6 cxd6 11. Nf4 Qb6 12. Rb1 Nc6 13. Bd3 Bxd3 14. Qxd3 g6 15. a3 O-O-O 16. b4 Ne7 17. O-O Nf5 18. a4 Nxh4 19. Ncxd5 exd5 20. Nxd5 Qa6 21. b5 Qa5 22. e4 Kb8 23. Qa3 Nb6 24. Nxb6 Qxb6 25. c3 d5 26. a5 Qe6 27. a6 b6 28. Rb2 dxe4 29. Re2 Nxf3+ 30. Rxf3 Qg4+ 31. Rg2 Qxf3 32. Qe7 Qe3+ 33. Kh1 Qh3+ 34. Kg1 Qd7 35. Qe5+ Qd6 36. Qxe4 Qd5 37. Qe7 Rhe8 38. Qf6 Re6 39. Qf4+ Ka8 40. Rf2 Re1+ 41. Rf1 Rxf1+ 42. Kxf1 Qf5 43. Qxf5 gxf5 44. Kf2 Rg8 45. Kf3 Rxg5 46. Kf4 Rg1 47. Kxf5 Rc1 48. d5 Rxc3 49. d6 Rd3 50. Ke5 0-1


[Site "https://www.chess.com"]

[Event "Titled Tuesday Blitz November 01 Late 2022"]
[White "Tokhirjonova, Gulrukhbegim"]
[Black "Aghasiyev, Kamal"]
[WhiteFideId "14203626"]
[BlackFideId "13402854"]
[WhiteElo "2236"]
[BlackElo "2341"]
[Result "1-0"]
[Round "03"]
[TimeControl "180+1"]
[Date "2022.11.02"]
[WhiteClock "0:01:01"]
[BlackClock "0:00:02"]

1. e4 e5 2. Nf3 Nc6 3. d4 exd4 4. Nxd4 Bc5 5. Nb3 Bb6 6. Qe2 d6 7. Nc3 Nf6 8. Bg5 h6 9. Bh4 Be6 10. O-O-O g5 11. Bg3 Qe7 12. f3 O-O-O 13. Kb1 d5 14. e5 Nh5 15. Nb5 Kb8 16. N5d4 Nxd4 17. Nxd4 c5 18. Nb5 Nxg3 19. hxg3 Bf5 20. Nd6 Bg6 21. Rxd5 f6 22. f4 fxe5 23. fxe5 Bc7 24. Qd1 Bxd6 25. exd6 Qe3 26. Bd3 Bf7 27. Rf5 Qe6 28. b3 Rxd6 29. Qf3 Bg6 30. Rxc5 Bxd3 31. cxd3 Rhd8 32. Rc3 Qd7 33. Rd1 Rd4 34. Kc2 Qd6 35. Rc4 Rd5 36. d4 Ra5 37. a4 Rd5 38. Qe3 Qa3 39. Qc3 a6 40. Rd2 Qd6 41. Qb4 Qd7 42. Kb2 Qf5 43. Qc3 Qe4 44. Ka2 h5 45. Ka3 Qg4 46. Rd3 Qd7 47. b4 Qd6 48. Kb3 Qd7 49. a5 Qd6 50. Rc5 Qd7 51. Qc4 Rd6 52. Rxg5 Qe7 53. Re5 Qf8 54. d5 Qg7 55. Qe4 Rc8 56. Re8 Rdd8 57. Rxd8 Rxd8 58. d6 Ka8 59. d7 Qf7+ 60. Qd5 Qf1 61. Kb2 Qe2+ 62. Rd2 Qe3 63. Rc2 Qxg3 64. Rc8+ Ka7 65. Qc5+ 1-0


[Site "https://www.chess.com"]

[Event "Titled Tuesday Blitz November 01 Late 2022"]
[White "Vargas, Mauricio"]
[Black "Kanyamarala, Tarun"]
[WhiteFideId "4404572"]
[BlackFideId "45004714"]
[WhiteElo "2025"]
[BlackElo "2307"]
[Result "0-1"]
[Round "03"]
[TimeControl "180+1"]
[Date "2022.11.02"]
[WhiteClock "0:00:26"]
[BlackClock "0:01:44"]

1. e4 c5 2. Nc3 e6 3. f4 d5 4. Nf3 Nf6 5. e5 Nfd7 6. g4 Nc6 7. Bg2 a6 8. O-O b5 9. d3 Bb7 10. Ne2 Qb6 11. Kh1 f6 12. exf6 gxf6 13. c3 O-O-O 14. Be3 h5 15. g5 Bd6 16. Qc1 h4 17. gxf6 h3 18. Ng5 hxg2+ 19. Kxg2 Nxf6 20. Nf7 Rdg8+ 21. Kh1 Qc7 22. Nxh8 Rxh8 23. Ng3 d4 24. Bd2 Ne5+ 25. Kg1 Qc6 26. Rf2 Nf3+ 27. Kf1 Nxh2+ 28. Ke2 Nhg4 29. Rf1 Rh2+ 30. Kd1 Nf2+ 31. Kc2 c4 32. Qe1 cxd3+ 33. Kb1 N2e4 34. Nxe4 Nxe4 35. Bc1 dxc3 36. bxc3 Nxc3+ 37. Qxc3 Qxc3 38. Ba3 Qc2# 0-1


[Site "https://www.chess.com"]

[Event "Titled Tuesday Blitz November 01 Late 2022"]
[White "Veleshnja, Zino"]
[Black "Gubajdullin, Alexei"]
[WhiteFideId "4701313"]
[BlackFideId "4141202"]
[WhiteElo "2167"]
[BlackElo "2200"]
[Result "1-0"]
[Round "03"]
[TimeControl "180+1"]
[Date "2022.11.02"]
[WhiteClock "0:00:33"]
[BlackClock "0:00:11"]

1. d4 Nf6 2. c4 g6 3. Nc3 Bg7 4. e4 d6 5. Be2 O-O 6. Bg5 Na6 7. h4 h5 8. Qd2 e5 9. d5 Nc5 10. f3 a5 11. O-O-O Qe8 12. Nh3 Bd7 13. Nf2 c6 14. Bxf6 Bxf6 15. g4 Kg7 16. gxh5 Rh8 17. Ng4 Be7 18. h6+ Kh7 19. f4 exf4 20. Qxf4 Bxg4 21. Bxg4 Rf8 22. h5 Qd8 23. Kb1 Bg5 24. Qf3 Qe7 25. Rhg1 a4 26. Rdf1 a3 27. Rg2 axb2 28. Rfg1 Bf6 29. Bf5 Qe5 30. hxg6+ fxg6 31. Rxg6 Kh8 32. Rg7 Bxg7 33. hxg7+ Kg8 34. Bh7+ Kxh7 35. g8=Q+ Rxg8 36. Qh3+ 1-0


[Site "https://www.chess.com"]

[Event "Titled Tuesday Blitz November 01 Late 2022"]
[White "Vlassov, Nikolai"]
[Black "Gokerkan, Cem Kaan"]
[WhiteFideId "4103360"]
[BlackFideId "6336760"]
[WhiteElo "2324"]
[BlackElo "2365"]
[Result "0-1"]
[Round "03"]
[TimeControl "180+1"]
[Date "2022.11.01"]
[WhiteClock "0:01:16"]
[BlackClock "0:00:52"]

1. e4 c5 2. c3 Nf6 3. e5 Nd5 4. d4 cxd4 5. cxd4 d6 6. Bc4 Nb6 7. Bb3 dxe5 8. Qh5 e6 9. dxe5 Nc6 10. Nc3 Nd4 11. Nf3 Nxb3 12. axb3 Qd3 13. Bd2 Bd7 14. O-O-O Rc8 15. Ng5 Qg6 16. Qxg6 hxg6 17. Kb1 Bc6 18. Nge4 Nd5 19. f3 Rh5 20. Nd6+ Bxd6 21. exd6 Kd7 22. Nxd5 Bxd5 23. Bb4 a5 24. Bxa5 Bxb3 25. Rc1 Rxc1+ 26. Rxc1 Rxa5 27. Rc7+ Kxd6 28. Rxb7 Ba2+ 29. Kc2 Rc5+ 30. Kd2 Rc7 31. Rb6+ Ke7 32. b4 Bd5 33. Kd3 Rb7 0-1


[Site "https://www.chess.com"]

[Event "Titled Tuesday Blitz November 01 Late 2022"]
[White "Vovk, Orest"]
[Black "Marcolino, Daniel Mattos"]
[WhiteFideId "14113490"]
[BlackFideId "2106841"]
[WhiteElo "2215"]
[BlackElo "2076"]
[Result "1-0"]
[Round "03"]
[TimeControl "180+1"]
[Date "2022.11.02"]
[WhiteClock "0:02:27"]
[BlackClock "0:00:27"]

1. h4 d5 2. h5 h6 3. e4 dxe4 4. Nc3 Nf6 5. Qe2 e6 6. Nxe4 Be7 7. Nf3 b6 8. Nxf6+ Bxf6 9. Qe4 Qd5 10. Qxd5 exd5 11. d4 O-O 12. Be2 Bf5 13. Be3 c6 14. O-O-O a5 15. Bd3 Bxd3 16. Rxd3 Na6 17. a3 b5 18. Rc3 Rfc8 19. Ne5 Bxe5 20. dxe5 b4 21. Rd3 bxa3 22. Rxa3 Nb4 23. Kd2 c5 24. Rha1 d4 25. Bf4 Nd5 26. Bg3 Rcb8 27. Rxa5 Rxa5 28. Rxa5 Rxb2 29. Rxc5 Nb4 30. Rc8+ Kh7 31. Rc4 Kg8 32. Kc1 1-0


[Site "https://www.chess.com"]

[Event "Titled Tuesday Blitz November 01 Late 2022"]
[White "Wessendorf, Thomas, Dr."]
[Black "Khandelwal, Ankush"]
[WhiteFideId "4604270"]
[BlackFideId "413470"]
[WhiteElo "2280"]
[BlackElo "2271"]
[Result "0-1"]
[Round "03"]
[TimeControl "180+1"]
[Date "2022.11.02"]
[WhiteClock "0:00:09"]
[BlackClock "0:00:07"]

1. e4 c5 2. Nf3 d6 3. d4 cxd4 4. Nxd4 Nf6 5. Nc3 a6 6. Be3 e5 7. Nb3 Be7 8. Qd2 Be6 9. f4 exf4 10. Bxf4 Nc6 11. O-O-O Ne5 12. Nd4 Qc7 13. Nf5 Bxf5 14. exf5 O-O 15. g4 Nexg4 16. Rg1 Kh8 17. Bg2 Rac8 18. Kb1 b5 19. Bf3 b4 20. Nd5 Nxd5 21. Bxd5 Ne5 22. Qg2 Bf6 23. Rd2 Nc4 24. Bxc4 Qxc4 25. Bxd6 Rfd8 26. Rgd1 a5 27. Qd5 Qg4 28. Qxf7 a4 29. h3 Qxf5 30. a3 b3 31. Rc1 Rxc2 32. Rcxc2 bxc2+ 33. Rxc2 Rc8 0-1


[Site "https://www.chess.com"]

[Event "Titled Tuesday Blitz November 01 Late 2022"]
[White "Wieczorek, Oskar"]
[Black "Suleymanli, Aydin"]
[WhiteFideId "1133950"]
[BlackFideId "13413937"]
[WhiteElo "2404"]
[BlackElo "2481"]
[Result "1-0"]
[Round "03"]
[TimeControl "180+1"]
[Date "2022.11.01"]
[WhiteClock "0:00:53"]
[BlackClock "0:00:02"]

1. e4 c5 2. Nf3 d6 3. d4 cxd4 4. Nxd4 Nf6 5. Nc3 a6 6. Be2 e5 7. Nf3 Be7 8. Bg5 Be6 9. Bxf6 Bxf6 10. O-O O-O 11. Nd5 Nd7 12. Bc4 Rc8 13. Qe2 Nb6 14. Nxf6+ gxf6 15. Bb3 Kh8 16. Rfd1 Rg8 17. Rd3 Nc4 18. c3 Rg4 19. h3 Rg7 20. Nh4 Qf8 21. Rad1 Rg8 22. Nf5 Rc6 23. Rg3 Bxf5 24. Rxg8+ Qxg8 25. exf5 Nb6 26. Qh5 a5 27. Rd3 Qf8 28. Bxf7 Rc7 29. Be6 a4 30. Qd1 Rc6 31. Rg3 d5 32. Rg8+ Qxg8 33. Bxg8 Kxg8 34. Qg4+ Kf8 35. Qh4 Kg7 36. Qb4 Kf7 37. g4 e4 38. h4 Ke8 39. g5 Kd8 40. Qd4 Kc7 41. g6 hxg6 42. fxg6 f5 43. h5 Nd7 44. Qxd5 1-0


[Site "https://www.chess.com"]

[Event "Titled Tuesday Blitz November 01 Late 2022"]
[White "Xiong, Jeffery"]
[Black "Bersamina, Paulo"]
[WhiteFideId "2047640"]
[BlackFideId "5206995"]
[WhiteElo "2725"]
[BlackElo "2332"]
[Result "1-0"]
[Round "03"]
[TimeControl "180+1"]
[Date "2022.11.01"]
[WhiteClock "0:00:14"]
[BlackClock "0:00:06"]

1. e4 c5 2. Nf3 e6 3. g3 Nc6 4. Bg2 Nf6 5. Qe2 e5 6. Na3 Be7 7. Nc4 d6 8. c3 O-O 9. O-O Be6 10. d3 Qd7 11. Bg5 h6 12. Bxf6 Bxf6 13. a4 b6 14. Nfd2 d5 15. exd5 Bxd5 16. Bxd5 Qxd5 17. Ne4 Be7 18. Qf3 Rad8 19. Ne3 Qe6 20. Nf5 Rfe8 21. h4 Bf8 22. h5 Ne7 23. Nxe7+ Bxe7 24. g4 Bg5 25. a5 Bf4 26. axb6 axb6 27. Ra6 Qc6 28. c4 Rd4 29. Kg2 Red8 30. Nc3 Qxf3+ 31. Kxf3 Rxd3+ 32. Kg2 R8d4 33. Rxb6 Rxc4 34. Ra1 Rb4 35. Ra8+ Kh7 36. Rc6 Bc1 37. f3 Bxb2 38. Ne4 Rxe4 39. fxe4 Bd4 40. Rcc8 g6 41. Rc6 Rd2+ 42. Kg3 Kg7 43. Ra7 Rf2 44. hxg6 Be3 45. Rxf7+ Rxf7 46. gxf7 Kxf7 47. Kf3 Bf4 48. Rxc5 Kg6 49. Rc6+ Kg5 50. Rc8 Kg6 51. Rg8+ Kf6 52. Ra8 Kg5 53. Ra1 Kh4 54. Rh1+ Kg5 55. Rh5+ Kg6 56. Ke2 Bg5 57. Kd3 Kf6 58. Kc4 Ke6 59. Kc5 Be3+ 60. Kc6 Bg5 61. Rxg5 Kf6 62. Rh5 1-0


[Site "https://www.chess.com"]

[Event "Titled Tuesday Blitz November 01 Late 2022"]
[White "Young, Ryan"]
[Black "Mesa Cruz, Juan Carlos"]
[WhiteFideId "2049945"]
[BlackFideId "6423400"]
[WhiteElo "2402"]
[BlackElo "2059"]
[Result "0-1"]
[Round "03"]
[TimeControl "180+1"]
[Date "2022.11.02"]
[WhiteClock "0:00:07"]
[BlackClock "0:00:07"]

1. e4 c5 2. c3 d5 3. exd5 Qxd5 4. d4 Nc6 5. Nf3 Bg4 6. dxc5 Qxd1+ 7. Kxd1 e5 8. b4 e4 9. h3 O-O-O+ 10. Kc2 Bf5 11. g4 exf3+ 12. gxf5 g6 13. Bb2 Nge7 14. Bd3 Ne5 15. Be4 gxf5 16. c4 fxe4 17. Bxe5 Rg8 18. Nd2 Nc6 19. Bc3 f5 20. Rhg1 Bh6 21. Nb3 Rg2 22. Rxg2 fxg2 23. Rg1 Rg8 24. Nd4 Nxd4+ 25. Bxd4 f4 26. f3 exf3 27. Bf2 Re8 28. Kd3 Re2 29. Bh4 Rxa2 30. Ke4 f2 31. Rxg2 Re2+ 32. Kd5 f1=Q 33. Rg8+ Kd7 34. Rd8+ Kc7 35. Rd6 Qd1# 0-1


[Site "https://www.chess.com"]

[Event "Titled Tuesday Blitz November 01 Late 2022"]
[White "Yuan, Qingyu"]
[Black "Ladan, Nicholas"]
[WhiteFideId "8609772"]
[BlackFideId "30918855"]
[WhiteElo "2359"]
[BlackElo "2167"]
[Result "0-1"]
[Round "03"]
[TimeControl "180+1"]
[Date "2022.11.02"]
[WhiteClock "0:00:01"]
[BlackClock "0:00:04"]

1. e4 e5 2. Nf3 Nc6 3. Bc4 Nf6 4. d3 h6 5. c3 d6 6. a4 g5 7. a5 Bg7 8. Nbd2 O-O 9. O-O Ne7 10. d4 Nxe4 11. Nxe4 d5 12. Ned2 dxc4 13. Nxe5 Nf5 14. Ndxc4 Be6 15. Qa4 Nh4 16. Be3 Qd5 17. f3 b5 18. axb6 axb6 19. Qb4 c5 20. Qxb6 cxd4 21. Qxd4 Nf5 22. Qxd5 Bxd5 23. Bf2 Rxa1 24. Rxa1 Rb8 25. Nd7 Rb7 26. Ndb6 Be6 27. Ra8+ Kh7 28. Na5 Re7 29. Bc5 Rc7 30. Bf2 Be5 31. h3 Ng3 32. Be3 Bf4 33. Bxf4 gxf4 34. Rd8 Re7 35. Rd1 Bf5 36. Ra1 Re2 37. Nd5 Rxb2 38. Nxf4 Rc2 39. c4 Be6 40. Nxe6 fxe6 41. Re1 Ra2 42. Nc6 Ne2+ 43. Kh2 Nf4 44. Rg1 Ne2 45. Re1 Nf4 0-1


[Site "https://www.chess.com"]

[Event "Titled Tuesday Blitz November 01 Late 2022"]
[White "Zakhartsov, Vladimir"]
[Black "Firouzja, Alireza"]
[WhiteFideId "4145097"]
[BlackFideId "12573981"]
[WhiteElo "2825"]
[BlackElo "3114"]
[Result "1-0"]
[Round "03"]
[TimeControl "180+1"]
[Date "2022.11.01"]
[WhiteClock "0:01:00"]
[BlackClock "0:00:54"]

1. e4 g6 2. d4 Bg7 3. Nf3 d6 4. c3 Nf6 5. Bd3 O-O 6. h3 Nbd7 7. O-O e5 8. dxe5 dxe5 9. a4 Nc5 10. Bc2 Nfxe4 11. b4 Nxc3 12. Nxc3 e4 13. Qxd8 Rxd8 14. Ra3 exf3 15. bxc5 fxg2 16. Kxg2 Be6 17. Be3 c6 18. Be4 Rd7 19. a5 Bc4 20. Rc1 Re8 21. Bf3 Ba6 22. Ne4 Re5 23. Nd6 Bf8 24. Rd1 Re6 25. Ra2 Bxd6 26. Rad2 Bxc5 27. Rxd7 Bxe3 28. fxe3 Rxe3 29. Rc7 Re5 30. Rdd7 Rg5+ 31. Kh2 Bc4 32. Rxb7 Rxa5 33. Rxa7 Rf5 34. Bxc6 Be6 35. Rd3 Re5 36. Rb7 Kg7 37. Rb2 f5 38. Rb7+ Kh6 39. Re7 f4 40. Bd7 Re2+ 41. Kg1 Bc4 42. Rxe2 Bxd3 43. Re5 g5 44. Be8 Ba6 45. Re6+ 1-0


[Site "https://www.chess.com"]

[Event "Titled Tuesday Blitz November 01 Late 2022"]
[White "Zilleruelo Irizarry, Diego"]
[Black "Marchesich, Giovanni"]
[WhiteFideId "3101460"]
[BlackFideId "2824790"]
[WhiteElo "1998"]
[BlackElo "2200"]
[Result "1/2-1/2"]
[Round "03"]
[TimeControl "180+1"]
[Date "2022.11.02"]
[WhiteClock "0:00:07"]
[BlackClock "0:00:10"]

1. e4 e5 2. Nf3 d6 3. d4 exd4 4. Qxd4 Nc6 5. Bb5 Bd7 6. Bxc6 Bxc6 7. c4 Nf6 8. Nc3 Be7 9. O-O O-O 10. Re1 Nd7 11. Bf4 Bf6 12. Qd2 Re8 13. Nd4 Ne5 14. Nxc6 bxc6 15. b3 Ng6 16. Bg3 Be5 17. f4 Bxc3 18. Qxc3 f6 19. Re3 Qd7 20. Rae1 h5 21. h3 h4 22. Bh2 Qf7 23. e5 fxe5 24. fxe5 dxe5 25. Bxe5 Nxe5 26. Rxe5 Rxe5 27. Qxe5 Rf8 28. Qe6 Rd8 29. Qxc6 Rd2 30. Qa8+ Kh7 31. Qe4+ Kg8 32. Qxh4 Qg6 33. Qe4 Qxe4 34. Rxe4 Rxa2 35. Re7 c5 36. Rc7 Ra3 37. Rb7 Kh7 38. Kf2 Kg6 39. Kf3 a5 40. Rb6+ Kf5 41. Rb5 Ke6 42. Kf4 Kd6 43. Rb6+ Kc7 44. Rb5 Kc6 45. g3 a4 46. Ra5 Rxb3 47. Rxa4 Rb4 48. Rxb4 cxb4 49. Ke3 Kc5 50. Kd3 g6 51. h4 b3 52. Kc3 b2 53. Kxb2 Kxc4 54. g4 Kd4 55. h5 gxh5 56. gxh5 Ke5 57. h6 Kf6 58. h7 Kg7 59. h8=Q+ Kxh8 1/2-1/2


[Site "https://www.chess.com"]

[Event "Titled Tuesday Blitz November 01 Late 2022"]
[White "Zivkovic, Nemanja"]
[Black "Tang, Andrew"]
[WhiteFideId "942154"]
[BlackFideId "2059630"]
[WhiteElo "2372"]
[BlackElo "2581"]
[Result "1/2-1/2"]
[Round "03"]
[TimeControl "180+1"]
[Date "2022.11.01"]
[WhiteClock "0:00:35"]
[BlackClock "0:00:18"]

1. e4 e5 2. Nf3 Nc6 3. Bb5 g6 4. O-O Bg7 5. c3 a6 6. Ba4 b5 7. Bc2 d6 8. h3 Nf6 9. d3 O-O 10. Re1 Re8 11. a4 Bb7 12. Nbd2 d5 13. Nb3 Qd6 14. Be3 Nd7 15. exd5 Qxd5 16. Nbd2 Ne7 17. axb5 axb5 18. Rxa8 Bxa8 19. Ne4 c5 20. c4 bxc4 21. dxc4 Qc6 22. Ba4 Qxe4 23. Bxd7 Rd8 24. Qd6 Qb7 25. Qxe7 Qxd7 26. Qxd7 Rxd7 27. Bxc5 e4 28. Ng5 f5 29. b4 Bc3 30. Rb1 Bd2 31. Ne6 Kf7 32. Ra1 Bb7 33. Nd4 Bxb4 34. Bxb4 Rxd4 35. Rc1 Ke6 36. Bc5 Rd7 37. Be3 Rc7 38. g3 Ba6 39. c5 Bb5 40. Rd1 Rd7 41. Rxd7 Bxd7 42. h4 Kd5 43. Kf1 Kc4 44. Ke2 Bb5 45. Kd2 Kb3 46. Bf4 Kb4 47. Be3 Ba4 48. Bd4 h6 49. Bg7 Kxc5 50. Bxh6 Kd4 51. Bg7+ Kc4 52. Ke3 Bd1 53. Bh6 Bh5 54. Bf4 Kc3 55. Bg5 Kc2 56. Bf4 Kd1 57. Bg5 Ke1 58. Bf4 Kf1 59. Bg5 Kg2 60. Bf4 Kh3 61. Bg5 Bf3 62. Bf4 Kg4 63. Bg5 Kh5 64. Bf4 Bg2 65. Bg5 Bh3 66. Bf4 Bg2 67. Bg5 Bf3 68. Bf4 Bg2 1/2-1/2


[Site "https://www.chess.com"]